 Dungeon Crawl Stone Soup version 0.30.1-11-g7821555f0a (webtiles) character file.

Game seed: 13036752198065486580

845 RancidPinata the Covert (level 8, -2/57 HPs)
             Began as an Octopode Delver on Dec 28, 2023.
             Slain by a jelly (3 damage)
             ... on level 6 of the Dungeon.
             The game lasted 00:14:03 (4270 turns).

RancidPinata the Covert (Octopode Delver)           Turns: 4270, Time: 00:14:03

Health: -2/57      AC: -15   Str: 13    XL:     8   Next: 0%
Magic:  8/8        EV: 15    Int: 12    God:
Gold:   125        SH:  0    Dex: 14    Spells: 7/7 levels left

rFire   . . .        a - +0 spear
rCold   . . .        (no shield)
rNeg    . . .        (helmet restricted)
rPois   .            (no amulet)
rElec   .            i - +4 ring of protection
rCorr   .            h - ring of willpower
SInv    .            (no ring)
Will    +....        (no ring)
Stlth   ++++++       (no ring)
HPRegen 0.29/turn    (no ring)
MPRegen 0.11/turn    (no ring)
                     (no ring)

%: no passive effects
@: corroded
A: almost no armour, amphibious, 8 rings, camouflage 1, gelatinous body 1,
nimble swimmer 1, tentacles
a: no special abilities


You were on level 6 of the Dungeon.
You visited 1 branch of the dungeon, and saw 4 of its levels.

You collected 125 gold pieces.

Inventory:

Hand Weapons
 a - a +0 spear (weapon)
Missiles
 n - 2 atropa-tipped darts
 p - 44 stones
 t - 4 curare-tipped darts (quivered)
Armour
 r - an orb of light
Jewellery
 h - a ring of willpower (right tentacle)
 i - a +4 ring of protection (left tentacle)
Wands
 f - a wand of digging (3)
Scrolls
 b - a scroll of fog
 c - a scroll of magic mapping
 d - a scroll of fear
 j - 2 scrolls of amnesia {unknown}
 m - 3 scrolls of vulnerability {unknown}
 q - a scroll of brand weapon {unknown}
 s - a scroll of teleportation {unknown}
 w - 3 scrolls of identify {unknown}
Potions
 e - a potion of haste
 g - a potion of invisibility {unknown}
 k - a potion of lignification {unknown}
 l - 2 potions of heal wounds {unknown}
 o - a potion of curing {unknown}
 u - a potion of brilliance {unknown}
 v - a potion of attraction {unknown}


   Skills:
 * Level 5.9 Fighting
 + Level 4.0 Polearms
 * Level 5.3 Dodging
 + Level 8.3 Stealth


You had 7 spell levels left.
You didn't know any spells.
Your spell library contained the following spells:

 Spells                   Type           Power      Damage    Failure   Level
 Apportation              Tloc           0%         N/A       32%         1
 Freeze                   Ice            0%         1d3       32%         1
 Necrotise                Necr           0%         1d4       32%         1
 Summon Small Mammal      Summ           0%         N/A       32%         1
 Ensorcelled Hibernation  Hex/Ice        0%         N/A       45%         2
 Passwall                 Tmut/Erth      0%         N/A       45%         2
 Frozen Ramparts          Ice            0%         1d1       69%         3
 Hailstorm                Conj/Ice       0%         3d3       69%         3
 Swiftness                Air            0%         N/A       69%         3


Dungeon Overview and Level Annotations

Branches:
Dungeon (6/15)
 Temple: D:4-7

Altars:
Gozag
Hepliaklqana
Xom

Shops:
D:5 [

Annotations:
D:5 2 transporters, RancidPinata's ghost, weakling GrDe


Innate Abilities, Weirdness & Mutations

You cannot wear most types of armour.
You are amphibious.
You can wear up to eight rings at the same time.
Your skin changes colour to match your surroundings (Stealth+).
Your rubbery body absorbs attacks. (AC +1, EV +1)
You are camouflaged when in or above water. (Stealth+)
You have tentacles for arms and can constrict up to eight enemies at once.


Message History

You hit the jelly but do no damage. The acid corrodes you!
Your tentacles burn!
You squeeze the jelly, but do no damage.
The jelly is heavily wounded.
You hit the jelly. The acid corrodes you!
Your tentacles burn!
The jelly is severely wounded.
The jelly misses you.
You hit the jelly but do no damage.
Your tentacles burn!
The jelly is severely wounded.
The electric eel shoots out a bolt of lightning at you!
The bolt of electricity misses you. The jelly barely misses you.
You hit the jelly but do no damage.
Your tentacles burn!
Your squeeze misses the jelly.
The jelly is severely wounded.
The electric eel shoots out a bolt of lightning at you!
The bolt of electricity misses you. The jelly closely misses you.
You enter the deep water.
The jelly hits you. The acid corrodes you!
You are splashed with acid!
You hit the jelly but do no damage. The acid corrodes you!
Your tentacles burn!
The jelly is severely wounded.
The jelly closely misses you.
You hit the jelly but do no damage.
Your tentacles burn!
The jelly is severely wounded.
The white imp gestures at you. The puff of frost misses you.
The jelly barely misses you.
You hit the jelly but do no damage.
Your tentacles burn!
The jelly is severely wounded.
The jelly hits you.
* * * LOW HITPOINT WARNING * * *
You are splashed with acid!
* * * LOW HITPOINT WARNING * * *
Unknown command.
You hit the jelly but do no damage.
Your tentacles burn!
* * * LOW HITPOINT WARNING * * *
You squeeze the jelly, but do no damage.
The jelly is severely wounded.
The white imp gestures at you. The puff of frost hits you.
* * * LOW HITPOINT WARNING * * *
The jelly hits you.
You die...

#.........<.......##
#########.........#
................+
.#######..#.#####
.≈≈≈≈≈≈≈.≈≈≈≈≈≈≈
.≈#####≈.≈#####≈
#≈≈≈#≈5§#≈≈≈#
#≈_......J_≈#
#≈≈≈#S.≈#@≈≈#
#####≈.≈#####
≈≈≈.≈≈≈ ####..###
#..# #..# #...


You could see a jelly and a white imp.

Vanquished Creatures
  Menkaure (D:5)
  An ice beast (D:6)
  An ogre (D:5)
  A phantom (D:5)
  A howler monkey (D:5)
  3 crimson imps (D:5)
  2 hounds (D:5)
  2 orc priests
  An orc wizard (D:5)
  3 iguanas
  5 adders
  A shadow imp (D:5)
  2 ufetubi
  A worm (D:4)
  2 dart slugs (D:3)
  12 orcs
  3 bats (D:3)
  3 endoplasms
  A giant cockroach (D:3)
  A hobgoblin (D:3)
  A quokka (D:3)
  2 ball pythons
  A frilled lizard (D:3)
  2 kobolds (D:3)
  A rat (D:3)
54 creatures vanquished.

Notes
Turn   | Place    | Note
-------+----------+-------------------------------------------
     0 | D:5      | RancidPinata the Octopode Delver began the quest for the
                  | Orb.
     0 | D:5      | Reached XP level 1. HP: 16/16 MP: 1/1
    16 | D:6      | Noticed an ice beast
    28 | D:5      | Noticed a hound
    29 | D:5      | Noticed Menkaure
    36 | D:4      | Noticed a quasit
    37 | D:4      | Noticed a quasit
    37 | D:4      | Noticed a quasit
   339 | D:4      | Reached XP level 2. HP: 21/21 MP: 2/2
   583 | D:3      | Reached XP level 3. HP: 26/26 MP: 3/3
  1066 | D:3      | Reached XP level 4. HP: 33/33 MP: 4/4
  1412 | D:3      | Reached skill level 7 in Stealth
  2132 | D:5      | Reached XP level 5. HP: 25/37 MP: 5/5
  2219 | D:5      | Noticed an ogre
  2379 | D:5      | Noticed a phantom
  2408 | D:5      | Killed a phantom
  2414 | D:5      | Reached XP level 6. HP: 27/44 MP: 6/6
  2487 | D:5      | Killed Menkaure
  2594 | D:5      | Found Werrate's Antique Armour Shop.
  2768 | D:5      | Reached skill level 5 in Fighting
  2848 | D:5      | Reached XP level 7. HP: 42/50 MP: 7/7
  3135 | D:5      | Found a shimmering altar of Xom.
  3183 | D:5      | Found a transporter.
  3185 | D:5      | Noticed RancidPinata's ghost (weakling GrDe)
  3186 | D:5      | Found a transporter.
  3344 | D:5      | Reached skill level 8 in Stealth
  3665 | D:5      | Reached skill level 5 in Dodging
  4054 | D:6      | Reached XP level 8. HP: 7/57 MP: 8/8
  4253 | D:6      | Found a hazy altar of Hepliaklqana.
  4254 | D:6      | Found an opulent altar of Gozag.
  4270 | D:6      | HP: 1/57 [white imp/puff of frost (6)]
  4270 | D:6      | Slain by a jelly

Illustrated notes

Levels and vault maps discovered:
D:3:      layout_basic
D:4:      cheibrodos_quashed, layout_basic
D:5:      layout_loops_corners, led_xom_imps, serial_shops,
          nicolae_shop_just_a_little_nook, gammafunk_ghost_mausoleum,
          minmay_misc_feat_rugged, minivault_26, uniq_menkaure
D:6:      layout_basic, marbit_many_paths, nicolae_overflow_two_pavilions,
          temple_hall, serial_park_tiny_pond, kennysheep_cluttered_room

Skill      XL: |  1  2  3  4  5  6  7 |
---------------+----------------------+-----
Stealth        | 7 8 |  8.3
Dodging        | 3 4 5 |  5.3
Fighting       | 4 5 |  5.9
Polearms       | 3 4 |  4.0

Action                     |  1- 3 |  4- 6 |  7- 9 || total
---------------------------+-------+-------+-------++-------
  Melee: Spear             |    57 |    83 |   101 ||   241
         Constrict         |     9 |    13 |    13 ||    35
         Tentacles         |     6 |    18 |    28 ||    52
         Punch             |       |       |     2 ||     2
  Throw: Dart              |       |       |     6 ||     6
   Stab: Sleeping          |    12 |     5 |     3 ||    20
 Armour: Skin              |    15 |    19 |    25 ||    59
  Dodge: Dodged            |    26 |    39 |    66 ||   131
